 Dungeon Crawl Stone Soup version 0.29.1-2-gbd0b4ee654 (webtiles) character file.

Game seed: 3082981872048222674

1628 bullfish the Magician (level 9, 0/67 HPs)
             Began as a Djinni Conjurer on Nov 18, 2022.
             Was a Follower of Ashenzari.
             Slain by a killer bee (3 damage)
             ... on level 7 of the Dungeon on Nov 20, 2022.
             The game lasted 00:21:41 (6617 turns).

bullfish the Magician (Djinni Conjurer)             Turns: 6617, Time: 00:21:41

Health: 0/67       AC:  2    Str:  6    XL:     9   Next: 18%
Gold:   305        EV: 12    Int: 25    God:    Ashenzari [*.....] SH:  0 Dex: 11

rFire   + + .      SeeInvis .   f - +1 short sword "Share My Frustration" {freeze, Evo, Range} (curse)
rCold   x . .      Faith    .   (no shield)
rNeg    . . .      Spirit   .   a - +0 robe of Ashenzari's Jealousy {Melee, Fort} (curse)
rPois   ∞          Reflect  .   (no helmet)
rElec   .          Harm     .   D - scarf {repulsion}
rCorr   .          Rampage  .   (no gloves)
Will    .....                   (boots unavailable)
Stlth   ++........              (no amulet)
HPRegen 0.21/turn               (no ring)
MPRegen 0.00/turn               (no ring)

@: flying, repel missiles
A: sickness immunity, fire resistance 2, cold vulnerability 1, float, innate
caster, HP casting, extra vitality 1
a: Renounce Religion, Shatter the Chains


You were on level 7 of the Dungeon.
You worshipped Ashenzari.
Ashenzari was aware of your devotion.
You visited 2 branches of the dungeon, and saw 8 of its levels.

You collected 305 gold pieces.

Inventory:

Hand Weapons
 f - the cursed +1 short sword "Share My Frustration" (weapon) {freeze, Evo, Range}
   (You found it on level 1 of the Dungeon)

   It freezes those it strikes, dealing additional cold damage.
   It can also slow down cold-blooded creatures.
   It has a curse which improves the following skills: Evocations: Evocations.
   Ranged Combat: Ranged Weapons and Throwing.
 r - a +0 vorpal falchion
 B - a +1 vorpal falchion
Missiles
 i - a throwing net
Armour
 a - the cursed +0 robe of Ashenzari's Jealousy (worn) {Melee, Fort}

   It has a curse which improves the following skills: Melee Combat: Short
   Blades, Long Blades, Axes, Maces & Flails, Polearms, Staves and Unarmed
   Combat.
   Fortitude: Armour and Shields.
 g - a +0 cloak
 y - a +0 ring mail of fire resistance
 D - a scarf of repulsion (worn)
Magical Staves
 c - a staff of earth
Wands
 C - a wand of roots (6)
Scrolls
 e - a scroll of fog
 j - 2 scrolls of enchant armour
 m - a scroll of magic mapping
 n - a scroll of silence
 p - 2 scrolls of vulnerability
 q - 2 scrolls of amnesia
 u - a scroll of noise
 w - a scroll of enchant weapon
 x - a scroll of poison
 E - 2 scrolls of identify
 F - a scroll of teleportation
Potions
 b - a potion of attraction
 d - a potion of resistance
 h - a potion of cancellation
 k - 2 potions of lignification
 l - 2 potions of magic
 o - 2 potions of curing
 t - a potion of haste
 v - 2 potions of flight
 z - a potion of mutation
 A - a potion of might


   Skills:
 - Level 6.6 Fighting
 - Level 2.1 Dodging
 - Level 1.5 Stealth
 + Level 7.4 Spellcasting


You couldn't memorise any spells.
You knew the following spells:

 Your Spells              Type           Power      Damage    Failure   Level
a - Magic Dart            Conj           100%       1d8       1%          1
b - Searing Ray           Conj           92%        2d7       1%          2
c - Dazzling Flash        Conj/Hex       92%        N/A       1%          3
d - Fulminant Prism       Conj/Hex       23%        3d13      3%          4
e - Iskenderun's Mystic   Conj/Tloc      46%        2d10      3%          4
f - Shock                 Conj/Air       100%       1d9       1%          1
g - Blink                 Tloc           92%        N/A       1%          2
h - Confusing Touch       Hex            46%        N/A       1%          3
i - Airstrike             Air            23%        2d(4-20)  3%          4
Your spell library was empty.

Dungeon Overview and Level Annotations

Branches:
Dungeon (7/15)             Temple (1/1) D:4

Altars:
Ashenzari
Cheibriados
Dithmenos
Elyvilon
Hepliaklqana
Makhleb
Nemelex Xobeh
Okawaru
Wu Jian
Xom
Yredelemnul
The Shining One

Shops:
D:2 (!   D:5 !

Annotations:
D:2 1 runed translucent door, Crazy Yiuf
D:6 Blork the orc
Temple 2 transporters


Innate Abilities, Weirdness & Mutations

You are immune to sickness and miasma.
You are immune to poison.
Your flesh is very heat resistant. (rF++)
You are vulnerable to cold. (rC-)
You float through the air rather than walking.
You learn spells naturally, not from books.
Your magical power is your life essence.
You have superior vitality. (+4 MHP)


Message History

The killer bee is lightly wounded.
The killer bee misses you.
Your fulminant prism crackles loudly.
The killer bee stings you! x2
* * * LOW HITPOINT WARNING * * *
Something hits you.
* * * LOW HITPOINT WARNING * * *
Your fulminant prism explodes!
The blast of energy engulfs something!!
Reactivating autopickup.
You feel a bit more experienced.
The blast of energy engulfs the killer bee!!
You kill the killer bee!
You hear an angry buzzing noise.
A killer bee comes into view.
The killer bee moves out of view.
A killer bee is nearby!
Casting: Magic Dart (safe; 1% risk of failure)
Confirm with . or Enter, or press ? or * to list all spells.
Aiming: Searing Ray (safe; 1% risk of failure)
Press: ? - help, Shift-Dir - straight line, f - killer bee
Aim: a killer bee (63% to hit)
The searing ray hits the killer bee.
The killer bee is lightly wounded. (Press . to maintain the ray.)
* * * LOW HITPOINT WARNING * * *
The searing ray misses the killer bee.
* * * LOW HITPOINT WARNING * * *
The killer bee stings you.
* * * LOW HITPOINT WARNING * * *
The searing ray hits the killer bee!
The killer bee is heavily wounded.
* * * LOW HITPOINT WARNING * * *
The killer bee misses you. The killer bee completely misses you.
The searing ray hits the killer bee but does no damage.
The killer bee is heavily wounded.
* * * LOW HITPOINT WARNING * * *
You finish channelling your searing ray.
The killer bee closely misses you. The killer bee stings you.
You die...

#).## #...##
.# >!..###
#)#
......###..##
#...........
#<†.....$..
#...?......
#.....#####
#.......y@#
#.......).#
#......[..#
###########


You could see a killer bee.

Vanquished Creatures
  Grinder (D:5)
  Sigmund (D:5)
  Menkaure (D:4)
  A black bear (D:5)
  2 ogres (D:5)
  2 phantoms
  A bullfrog (D:7)
  2 scorpions (D:5)
  4 killer bees (D:7)
  A hound (D:4)
  2 jellies (D:5)
  An orc priest (D:3)
  2 orc wizards (D:7)
  5 iguanas
  5 adders
  2 ufetubi (D:4)
  3 worms
  12 orcs
  3 bats
  3 endoplasms
  3 giant cockroaches
  6 goblins
  2 hobgoblins (D:1)
  3 quokkas
  3 ball pythons
  2 frilled lizards
  7 kobolds
  2 rats
82 creatures vanquished.

Vanquished Creatures (others)
  8 fulminant prisms
  2 plants (D:3)
10 creatures vanquished.

Grand Total: 92 creatures vanquished

Notes
Turn   | Place    | Note
-------+----------+-------------------------------------------
     0 | D:1      | bullfish the Djinni Conjurer began the quest for the Orb.
     0 | D:1      | bullfish set off with the following spells memorised: Magic
                  | Dart, Searing Ray, Dazzling Flash, Fulminant Prism,
                  | Iskenderun's Mystic Blast.
     0 | D:1      | Reached XP level 1. HP: 15/15 MP: 0/0
   202 | D:1      | Reached skill level 1 in Fighting
   330 | D:1      | Reached XP level 2. HP: 19/22 MP: 0/0
   427 | D:1      | Found a faded altar of an unknown god.
  1205 | D:2      | Reached XP level 3. HP: 18/29 MP: 0/0
  1205 | D:2      | Learned a level 1 spell: Shock
  1681 | D:2      | Found Saaluaddi's Distillery.
  2070 | D:2      | Found Xing's Weapon Boutique.
  2218 | D:2      | Found a runed translucent door.
  2219 | D:2      | Noticed Crazy Yiuf
  2889 | D:3      | Reached XP level 4. HP: 13/35 MP: 0/0
  3374 | D:3      | Reached XP level 5. HP: 28/42 MP: 0/0
  3374 | D:3      | Learned a level 2 spell: Blink
  3974 | D:4      | Noticed Menkaure
  3976 | D:4      | Found a hazy altar of Hepliaklqana.
  4008 | D:4      | Killed Menkaure
  4009 | D:4      | Reached skill level 5 in Fighting
  4009 | D:4      | Reached XP level 6. HP: 39/50 MP: 0/0
  4337 | D:4      | Found a staircase to the Ecumenical Temple.
  4353 | Temple   | Entered the Ecumenical Temple
  4353 | Temple   | Found a transporter.
  4353 | Temple   | Found a transporter.
  4380 | Temple   | Found a transporter.
  4380 | Temple   | Found a transporter.
  4398 | Temple   | Became a worshipper of Ashenzari the Shackled
  4441 | D:4      | Reached XP level 7. HP: 38/57 MP: 0/0
  4441 | D:4      | Learned a level 3 spell: Confusing Touch
  5005 | D:5      | Entered Level 5 of the Dungeon
  5237 | D:5      | Found Tikehu's Distillery.
  5405 | D:5      | Reached skill level 4 in Spellcasting
  5510 | D:5      | Noticed Sigmund
  5517 | D:5      | Killed Sigmund
  5518 | D:5      | Reached skill level 5 in Spellcasting
  5518 | D:5      | Reached XP level 8. HP: 44/62 MP: 0/0
  5936 | D:5      | Reached skill level 6 in Spellcasting
  6382 | D:5      | Noticed Grinder
  6384 | D:5      | Paralysed by Grinder for 4 turns
  6392 | D:5      | Killed Grinder
  6479 | D:5      | Reached * piety under Ashenzari
  6543 | D:6      | Noticed a wraith
  6561 | D:6      | Noticed Blork the orc
  6575 | D:7      | Reached XP level 9. HP: 11/67 MP: 0/0
  6575 | D:7      | Learned a level 4 spell: Airstrike
  6585 | D:7      | Reached skill level 7 in Spellcasting
  6617 | D:7      | Slain by a killer bee

Illustrated notes

Levels and vault maps discovered:
D:1:      scummos_arrival_forest, layout_basic,
          shapermc_ecumenical_altar_hornbeckon
D:2:      layout_basic, serial_shops, shop_statue, shop, uniq_crazy_yiuf_cottage
D:3:      layout_loops_ring, guppyfry_early_lair_pool
D:4:      wad_pebble_path, layout_basic, amcnicky_altar_gilded,
          minmay_temple_entry_junction, chequers_garden, uniq_menkaure
D:5:      layout_layer_cave, nicolae_sif_muna_condensation, serial_shops,
          nicolae_diamond_shop, uniq_grinder, uniq_sigmund
D:6:      kennysheep_kobold_camp, layout_basic, uniq_blork_the_orc
D:7:      layout_rooms, nicolae_overflow_hidden_temple, serial_shops, shop,
          minmay_gold_behind_fungi, grunt_tough_drop
Temple:   hellmonk_temple_divided_pantheon

Skill      XL: |  1  2  3  4  5  6  7  8  9 |
---------------+----------------------------+-----
Fighting       | 1 2 3 4 5 6 |  6.6
Spellcasting   | 5 6 7 |  7.4
Dodging        | |  2.1
Stealth        | |  1.5

Action                   |  1- 3 |  4- 6 |  7- 9 || total
-------------------------+-------+-------+-------++-------
Melee: Long sword        |     3 |       |       ||     3
       Short sword       |     3 |       |       ||     3
 Cast: Magic Dart        |    70 |    52 |    41 ||   163
       Searing Ray       |     2 |     6 |    20 ||    28
       Blink             |       |       |     1 ||     1
       Fulminant Prism   |       |       |     8 ||     8
Invok: Curse Item        |       |       |     2 ||     2
  Use: Scroll            |       |     3 |     2 ||     5
       Potion            |       |       |     1 ||     1
 Stab: Sleeping          |     1 |       |       ||     1
Armor: Robe              |     3 |     2 |     7 ||    12
Dodge: Dodged            |    14 |    11 |    36 ||    61
